 Dungeon Crawl Stone Soup version 0.32-a0-433-g08bcfe7 (webtiles) character file.

Game seed: 2410332752558699522

106077 Dorkslayer the Victor of a Thousand Battles (level 15, -3/139 HPs)
             Began as a Mountain Dwarf Fighter on Feb 22, 2024.
             Was the Champion of Okawaru.
             Constricted to death by a shambling mangrove (15 damage)
             ... on level 1 of the Swamp.
             The game lasted 01:40:25 (22690 turns).

Dorkslayer the Victor of a Thousand Battles (MDFi) Turns: 22690, Time: 01:40:26

Health: -3/139     AC: 25    Str: 28    XL:     15   Next: 96%
Magic:  34/34      EV: 15    Int:  6    God:    Okawaru [******]
Gold:   1611       SH: 18    Dex: 14    Spells: 14/14 levels left

rFire   + + +        J - +8 mace of Armageddon {flame, rPois rF+++ Will- Str+3}
rCold   + + .        s - +2 kite shield {reflect}
rNeg    . . .        C - +6 acid dragon scales of Absence {rC++ rCorr}
rPois   +            u - +2 helmet of Sufficient Leaves {rPois}
rElec   +            d - +0 cloak
rCorr   +            a - +2 pair of gloves {hurl}
SInv    +            R - +1 pair of boots {rampage}
Will    .....        j - amulet of reflection
Stlth   ++           E - ring "Qijyur" {rElec MP+9 Int-4 Dex+5 SInv}
HPRegen 0.43/turn    P - +5 ring of evasion
MPRegen 0.24/turn

%: reflection, rampage
@: marked, grasped by roots, constricted, studying Axes
A: runic magic, artefact enchanting, robust 1, persistent drain
a: Renounce Religion, Heroism, Finesse, Duel


You were on level 1 of the Swamp.
You worshipped Okawaru.
Okawaru was exalted by your worship.
You visited 5 branches of the dungeon, and saw 24 of its levels.
You also visited: Ossuary, Bailey, Gauntlet and Volcano.

You collected 2526 gold pieces.
You spent 915 gold pieces at shops.

Inventory:

Hand Weapons
 r - the +8 hand axe "Dwarf's Doom" {spect, *Noise +Blink Dex+5}
   (You found it on level 4 of the Dungeon)

   Dex+5:     It affects your dexterity (+5).
   +Blink:    It lets you blink.
   *Noise:    It may make a loud noise when swung.
 x - a +2 flail of holy wrath
 F - a +1 broad axe of freezing
 J - the +8 mace of Armageddon (weapon) {flame, rPois rF+++ Will- Str+3}
   (You found it on level 8 of the Dungeon)

   Str+3:     It affects your strength (+3).
   rF+++:     It renders you almost immune to fire.
   rPois:     It protects you from poison Will-: It decreases your willpower.
 Z - a +0 demon trident of venom
Missiles
 v - 3 throwing nets
 w - 44 boomerangs
 H - 4 javelins
 L - 4 curare-tipped darts
 Q - 14 silver javelins (quivered)
Armour
 a - a +2 pair of gloves of hurling (worn)
 d - a +0 cloak (worn)
 l - a +2 plate armour of poison resistance
 s - a +2 kite shield of reflection (worn)
 u - the +2 helmet of Sufficient Leaves (worn) {rPois}
   (You found it on level 5 of the Dungeon)

   rPois:     It protects you from poison
 C - the +6 acid dragon scales of Absence (worn) {rC++ rCorr}
   (You took it off a minotaur in a Gauntlet)

   rC++:      It greatly protects you from cold.
   rCorr:     It protects you from acid and corrosion.
 R - a +1 pair of boots of rampaging (worn)
Jewellery
 j - an amulet of reflection (around neck)
 t - a ring of resist corrosion
 E - the ring "Qijyur" (left hand) {rElec MP+9 Int-4 Dex+5 SInv}
   (You bought it in a shop on level 2 of the Orcish Mines)

   [ring of see invisible]

   Int-4:     It affects your intelligence (-4).
   Dex+5:     It affects your dexterity (+5).
   rElec:     It insulates you from electricity.
   MP+9:      It affects your magic capacity (+9).
   SInv:      It lets you see invisible.
 P - a +5 ring of evasion (right hand)
 X - a ring of protection from fire
 Y - a ring of protection from cold
Wands
 f - a wand of polymorph (13)
 m - a wand of digging (17)
 B - a wand of flame (18)
 G - a wand of mindburst (4)
 T - a wand of charming (26)
Scrolls
 e - 3 scrolls of teleportation
 h - 2 scrolls of silence
 o - 3 scrolls of enchant weapon
 p - 3 scrolls of fog
 y - 2 scrolls of fear
 A - a scroll of blinking
 D - 6 scrolls of identify
 O - 2 scrolls of poison
 V - a scroll of immolation
Potions
 b - 5 potions of curing
 g - 7 potions of resistance
 i - 5 potions of brilliance
 n - 3 potions of enlightenment
 q - 4 potions of mutation
 z - 6 potions of ambrosia
 K - a potion of haste
 M - a potion of invisibility
 N - 2 potions of magic
 S - 2 potions of berserk rage
 U - 3 potions of heal wounds
 W - a potion of might
Miscellaneous
 c - a box of beasts
 k - a phial of floods
 I - a tin of tremorstones (inert)


   Skills:
 + Level 10.3 Fighting
 * Level 13.0(15.3) Axes
 + Level 13.4(15.6) Maces & Flails
 * Level 11.2 Throwing
 + Level 10.9 Armour
 * Level 6.3 Dodging
 + Level 3.3 Stealth
 + Level 10.4 Shields
 * Level 14.2 Invocations
 + Level 11.2 Evocations


You had 14 spell levels left.
You didn't know any spells.
Your spell library contained the following spells:

 Spells                   Type           Power      Damage    Failure   Level
 Apportation              Tloc           0%         N/A       63%         1
 Freeze                   Ice            0%         1d3       63%         1
 Kiss of Death            Conj/Necr      0%         2d5       63%         1
 Magic Dart               Conj           0%         1d3       63%         1
 Necrotise                Necr           0%         1d4       63%         1
 Shock                    Conj/Air       0%         1d3       63%         1
 Blink                    Tloc           0%         N/A       77%         2
 Jinxbite                 Hex            0%         N/A       77%         2
 Fugue of the Fallen      Necr           0%         N/A       94%         3
 Ozocubu's Armour         Ice            0%         N/A       94%         3
 Swiftness                Air            0%         N/A       94%         3
 Vampiric Draining        Necr           0%         2d6       94%         3
 Volatile Blastmotes      Fire/Tloc      0%         2d10      94%         3
 Airstrike                Air            0%         2d(0-16)  100%        4
 Cause Fear               Hex            0%         N/A       100%        4
 Dimensional Bullseye     Hex/Tloc       0%         N/A       100%        4
 Manifold Assault         Tloc           0%         N/A       100%        4
 Curse of Agony           Necr           0%         N/A       100%        5
 Fireball                 Conj/Fire      0%         3d3       100%        5
 Yara's Violent Unravell  Hex/Alch       0%         3d3       100%        5
 Enfeeble                 Hex            0%         N/A       100%        7
 Disjunction              Tloc           0%         N/A       100%        8
 Polar Vortex             Ice            0%         N/A       100%        9
 Call Imp                 Summ           Unusable   N/A       N/A         2
 Martyr's Knell           Necr/Summ      Unusable   N/A       N/A         4
 Dragon's Call            Summ           Unusable   N/A       N/A         9

Dungeon Overview and Level Annotations

Branches:
Dungeon (15/15)            Temple (1/1) D:4            Lair (5/5) D:11
  Swamp (1/4) Lair:3        Snake (0/4) Lair:2        Slime (0/5) Lair:5
    Orc (2/2) D:10            Elf (0/3) Orc:2        Vaults (0/5) D:14
 Depths (0/4) D:15        Ossuary (visited)          Bailey (visited)
Volcano (visited)         Gauntlet (visited)

Altars:
Ashenzari
Cheibriados
Dithmenos
Elyvilon
Fedhas
Gozag
Hepliaklqana
Kikubaaqudgha
Makhleb
Nemelex Xobeh
Okawaru
Qazlal
Ru
Sif Muna
Trog
Uskayaw
Vehumet
Wu Jian
Xom
Yredelemnul
Zin
The Shining One
Beogh

Shops:
D:6 *   D:11 (   D:12 ?   Orc:2 =[[=

Annotations:
Lair:5 exclusion: 5 oklob plants


Innate Abilities, Weirdness & Mutations

Your spellcasting is much less encumbered by armour.
You can use scrolls of enchantment on lesser artefacts.
You are robust. (+10% HP)
Your health recovers twice as slowly from being drained.


Message History

The spriggan rider completely misses you.
The tyrant leech bites you but does no damage.
Your base Axes skill increases to level 13!
You sock the tyrant leech! You burn the tyrant leech.
The tyrant leech is moderately wounded.
The goliath frog hits you from afar!!
You are splashed with acid.
You resist. You block the spriggan rider's attack.
You miss the tyrant leech.
The tyrant leech is moderately wounded.
The goliath frog misses you. The tyrant leech bites you!
The tyrant leech draws strength from your injuries!
Unknown command.
As you read the scroll of teleportation, it crumbles to dust.
You feel strangely unstable. You block the spriggan rider's attack.
The goliath frog hits you but does no damage.
The tyrant leech bites you!!
* * * LOW HITPOINT WARNING * * *
The tyrant leech draws strength from your injuries!
Unknown command.
Okay, then.
You enter the shallow water.
Moving in this stuff is going to be slow.
The spriggan rider attacks as it pursues you!
You block the spriggan rider's attack. x2
Your surroundings suddenly seem different.
Found 18 gold pieces.
Unknown command.
A malevolent force fills the Swamp...
With a horrendous wail, an alarm goes off!
A sentinel's mark forms upon you.
You hear a deafening roar!
You hear a shout!
Roots burst forth from the earth!
The grasping roots grab you! The grasping roots constrict you!
* * * LOW HITPOINT WARNING * * *
You hit the shambling mangrove. You burn the shambling mangrove.
The shambling mangrove is lightly damaged.
You block the shambling mangrove's attack.
The grasping roots constrict you!
You die...

.~~.♣♣ ♣♣♣ ~ ♣
~~.~~..♣♣♣~.. ~~ ♣
~~.~~~..~♣.~ ~~~ ♣
~~......... ~~~~ ♣
~~.~~~~~~.♣ ...~~ ♣
~~~~~~~~..♣...~~~ ♣♣♣♣
..~~~§~....~~..~~ ..~♣
♣♣♣♣♣$~~~~.....~.§..
F~.♣♣♣♣...♣♣...f@~~.~~...~
Dw†.♣.†w..♣~~~~.~~§~~~~~~~
xwf~††.†....~~~.~~~~.~.~~~
♣♣♣♣♣♣♣~.~.~♣♣~.~~~.~~.~§~
♣ ♣♣.~...♣♣♣..♣♣♣♣♣♣~.
♣.....♣♣..♣ ♣♣ ♣~...♣♣...
~......~. .~~.


You could see a shambling mangrove.

Vanquished Creatures
  Jorgrun (D:14)
  Rupert (D:12)
  Kirke (D:12)
  A stone giant (D:15)
  2 minotaurs
  Josephine (D:15)
  5 hydras
  Erolcha (Orc:1)
  An alligator (Swamp:1)
  A merfolk avatar (Lair:5)
  3 boulder beetles
  5 centaur warriors
  5 two-headed ogres
  3 orc high priests (Orc:2)
  A hell knight (Volcano)
  Nergalle (Lair:3)
  2 skysharks (Lair:5)
  2 goliath frogs (Swamp:1)
  A spriggan druid (Swamp:1)
  A bog body (Swamp:1)
  6 orc knights
  2 necromancers (D:14)
  4 deep elf pyromancers
  An oklob plant (Lair:5)
  4 orc sorcerers (Orc:2)
  4 ugly things (D:15)
  A will-o-the-wisp (Swamp:1)
  A meliai (shapeshifter) (D:15)
  6 cyclopes
  3 meliai (D:12)
  17 elephants
  4 kobold blastminers
  4 manticores
  An orange demon (D:12)
  5 black mambas
  2 rust devils (D:12)
  2 gargoyles
  A molten gargoyle (Volcano)
  11 cane toads
  An unseen horror (D:12)
  A hellion (Gauntlet)
  A kobold demonologist (D:13)
  5 yaktaurs (D:15)
  15 komodo dragons
  An efreet (D:13)
  An ice devil (D:12)
  6 rime drakes
  A red devil (Gauntlet)
  14 trolls
  Prince Ribbit (D:7)
  A wind drake (Lair:5)
  A bloated husk (Swamp:1)
  A queen bee (D:12)
  2 hornets
  7 polar bears
  6 blink frogs
  A snapping turtle (Lair:5)
  17 dream sheep
  13 slime creatures
  A spriggan (Swamp:1)
  Sigmund (D:3)
  3 centaur simulacra
  2 shadows
  9 wraiths
  69 yaks
  2 fire bats (Volcano)
  A vampire (D:11)
  7 wyverns
  3 humans (D:12)
  4 wargs
  4 hogs (D:12)
  4 steam dragons
  10 vampire mosquitoes
  2 neqoxecs (D:12)
  5 basilisks
  An acid dragon (D:11)
  Edmund (D:5)
  3 swamp worms (Swamp:1)
  22 water moccasins
  Menkaure (D:6)
  A hell hound (Gauntlet)
  A water moccasin (shapeshifter) (D:14)
  Duvessa (D:7)
  A sky beast (D:6)
  25 orc warriors
  7 black bears
  2 laughing skulls (D:15)
  2 swamp drakes (Swamp:1)
  5 boggarts (D:14)
  12 wolves (Lair:3)
  7 ogres
  16 centaurs
  A weeping skull (Ossuary)
  3 kobold brigands
  2 elf zombies (Ossuary)
  6 scorpions
  15 bullfrogs
  A cane toad simulacrum (Gauntlet)
  A burial acolyte (Ossuary)
  Dowan (D:7)
  12 wights
  20 killer bees (D:12)
  An electric eel (D:10)
  5 howler monkeys
  2 bombardier beetles
  7 lava snakes (Volcano)
  A human zombie (Ossuary)
  4 jellies
  3 hounds
  A gnoll bouda (D:5)
  21 orc priests
  4 iguanas
  Crazy Yiuf (D:3)
  2 sleepcaps
  22 orc wizards
  4 hell rats (Lair:3)
  Terence (D:3)
  2 mummies (Ossuary)
  9 gnolls (D:5)
  5 adders
  4 ufetubi (D:6)
  An adder zombie (Ossuary)
  A ribbon worm (shapeshifter) (D:10)
  3 dart slugs
  A dart slug (shapeshifter) (D:10)
  2 ribbon worms
  70 orcs
  7 ball pythons
  4 bats
  7 endoplasms
  11 giant cockroaches
  A gnoll zombie (Ossuary)
  9 goblins
  6 hobgoblins
  19 kobolds
  3 quokkas
  5 frilled lizards
  2 quokka zombies (D:6)
  6 rats
768 creatures vanquished.

Vanquished Creatures (others)
  An unseen horror (shapeshifter) (D:15)
  2 foxfires (Swamp:1)
3 creatures vanquished.

Grand Total: 771 creatures vanquished

Notes
Turn   | Place    | Note
-------+----------+-------------------------------------------
     0 | D:1      | Dorkslayer the Mountain Dwarf Fighter began the quest for
                  | the Orb.
     0 | D:1      | Reached XP level 1. HP: 19/19 MP: 1/1
    72 | D:1      | Reached XP level 2. HP: 24/26 MP: 2/2
   516 | D:1      | Reached XP level 3. HP: 31/31 MP: 3/3
   892 | D:2      | Found an ornate altar of the Wu Jian Council.
  1238 | D:2      | Found a faded altar of an unknown god.
  1382 | D:2      | Reached skill level 1 in Dodging
  1540 | D:3      | Found an iron altar of Okawaru.
  1548 | D:3      | Noticed Terence
  1549 | D:3      | Became a worshipper of Warmaster Okawaru
  1553 | D:3      | Killed Terence
  1554 | D:3      | Reached XP level 4. HP: 40/40 MP: 4/4
  1669 | D:3      | Found a runed translucent door.
  1670 | D:3      | Noticed Crazy Yiuf
  1676 | D:3      | Killed Crazy Yiuf
  1933 | D:3      | Noticed Sigmund
  1951 | D:3      | Killed Sigmund
  1951 | D:3      | Reached * piety under Okawaru
  1952 | D:3      | Reached skill level 2 in Invocations
  1952 | D:3      | Reached XP level 5. HP: 23/46 MP: 4/6
  1952 | D:3      | Reached XP level 6. HP: 27/52 MP: 4/7
  2133 | D:3      | Found a radiant altar of Vehumet.
  2326 | D:4      | Reached skill level 5 in Axes
  2326 | D:4      | Found a staircase to the Ecumenical Temple.
  2339 | Temple   | Entered the Ecumenical Temple
  2576 | D:4      | Identified the +8 hand axe "Dwarf's Doom" {spect, *Noise
                  | +Blink Dex+5}
  2801 | D:4      | Found a stormy altar of Qazlal.
  2994 | D:4      | Found a hide-covered altar of Uskayaw.
  3082 | D:5      | Entered Level 5 of the Dungeon
  3143 | D:5      | Noticed a water moccasin
  3155 | D:5      | Killed a water moccasin
  3155 | D:5      | Reached ** piety under Okawaru
  3156 | D:5      | Reached skill level 3 in Invocations
  3156 | D:5      | Reached XP level 7. HP: 43/60 MP: 9/9
  3374 | D:5      | Noticed Edmund
  3398 | D:5      | Killed Edmund
  3399 | D:5      | Reached skill level 1 in Evocations
  3432 | D:5      | Found a blossoming altar of Fedhas.
  3448 | D:5      | Reached skill level 5 in Armour
  3575 | D:5      | Identified the +1 helmet of Sufficient Leaves {rPois}
  3670 | D:5      | Reached skill level 4 in Invocations
  3677 | D:5      | Reached XP level 8. HP: 67/67 MP: 9/11
  3690 | D:5      | Reached *** piety under Okawaru
  3924 | D:6      | Noticed Menkaure
  3927 | D:6      | Reached skill level 5 in Fighting
  3932 | D:6      | Killed Menkaure
  3976 | D:6      | Reached skill level 5 in Invocations
  3988 | D:6      | Found Duuczer's Assorted Antiques.
  4038 | D:6      | Found a sand-covered staircase.
  4050 | Ossuary  | Entered an ossuary
  4050 | Ossuary  | Found a huge runed translucent gate.
  4050 | Ossuary  | Found a huge runed translucent gate.
  4050 | Ossuary  | Found a huge runed translucent gate.
  4050 | Ossuary  | Found a huge runed translucent gate.
  4050 | Ossuary  | Found a huge runed translucent gate.
  4050 | Ossuary  | Found a huge runed translucent gate.
  4050 | Ossuary  | Found a huge runed translucent gate.
  4050 | Ossuary  | Found a huge runed translucent gate.
  4051 | Ossuary  | Found a huge runed translucent gate.
  4051 | Ossuary  | Found a huge runed translucent gate.
  4052 | Ossuary  | Found a huge runed translucent gate.
  4052 | Ossuary  | Found a huge runed translucent gate.
  4053 | Ossuary  | Found a huge runed translucent gate.
  4054 | Ossuary  | Found a huge runed translucent gate.
  4054 | Ossuary  | Found a huge runed translucent gate.
  4075 | Ossuary  | Found a huge runed translucent gate.
  4075 | Ossuary  | Found a huge runed translucent gate.
  4075 | Ossuary  | Found a huge runed translucent gate.
  4075 | Ossuary  | Found a huge runed translucent gate.
  4075 | Ossuary  | Found a huge runed translucent gate.
  4076 | Ossuary  | Found a huge runed translucent gate.
  4076 | Ossuary  | Found a huge runed translucent gate.
  4078 | Ossuary  | Found a huge runed translucent gate.
  4078 | Ossuary  | Found a huge runed translucent gate.
  4079 | Ossuary  | Found a huge runed translucent gate.
  4079 | Ossuary  | Found a huge runed translucent gate.
  4080 | Ossuary  | Found a huge runed translucent gate.
  4080 | Ossuary  | Found a huge runed translucent gate.
  4097 | Ossuary  | Found a huge runed translucent gate.
  4097 | Ossuary  | Found a huge runed translucent gate.
  4098 | Ossuary  | Found a huge runed translucent gate.
  4098 | Ossuary  | Found a huge runed translucent gate.
  4098 | Ossuary  | Found a huge runed translucent gate.
  4098 | Ossuary  | Found a huge runed translucent gate.
  4100 | Ossuary  | Found a huge runed translucent gate.
  4112 | Ossuary  | Reached **** piety under Okawaru
  4113 | Ossuary  | Reached XP level 9. HP: 72/74 MP: 13/13
  4567 | D:7      | Noticed Prince Ribbit
  4577 | D:7      | Noticed Duvessa
  4583 | D:7      | Killed Prince Ribbit
  4584 | D:7      | Reached skill level 6 in Invocations
  4585 | D:7      | Noticed Dowan
  4588 | D:7      | Killed Duvessa
  4589 | D:7      | Reached skill level 1 in Stealth
  4591 | D:7      | Killed Dowan
  4608 | D:7      | Reached skill level 5 in Shields
  4698 | D:7      | Found a flagged portal.
  4714 | Bailey   | Entered a bailey
  4773 | Bailey   | Noticed an orc knight
  4786 | Bailey   | Killed an orc knight
  4787 | Bailey   | Reached skill level 7 in Invocations
  4787 | Bailey   | Reached skill level 5 in Evocations
  4823 | Bailey   | Found a large runed translucent door.
  4823 | Bailey   | Found a large runed translucent door.
  4824 | Bailey   | Noticed a deep elf pyromancer
  5006 | Bailey   | Killed a deep elf pyromancer
  5006 | Bailey   | Reached ***** piety under Okawaru
  5007 | Bailey   | Reached XP level 10. HP: 83/83 MP: 12/15
  5234 | D:7      | Reached skill level 1 in Throwing
  5622 | D:7      | Found a basalt altar of Yredelemnul.
  5839 | D:8      | Found a sacrificial altar of Ru.
  5861 | D:8      | Reached skill level 10 in Axes
  5862 | D:8      | Received a gift from Okawaru
  6063 | D:8      | Noticed a two-headed ogre
  6073 | D:8      | Killed a two-headed ogre
  6074 | D:8      | Reached skill level 8 in Invocations
  6114 | D:8      | Found a glowing golden altar of the Shining One.
  6393 | D:8      | Identified the +8 mace of Armageddon {flame, rPois rF+++
                  | Will- Str+3}
  6557 | D:9      | Found a hazy altar of Hepliaklqana.
  6658 | D:9      | Reached skill level 1 in Maces & Flails
  6658 | D:9      | Reached XP level 11. HP: 41/91 MP: 17/17
  6662 | D:9      | Received a gift from Okawaru
  6747 | D:9      | Found a bloodstained altar of Trog.
  6966 | D:9      | Reached skill level 9 in Invocations
  7168 | D:10     | Entered Level 10 of the Dungeon
  7171 | D:10     | Found a shimmering altar of Xom.
  7172 | D:10     | Found a shimmering altar of Xom.
  7172 | D:10     | Found a shimmering altar of Xom.
  7174 | D:10     | Found a shimmering altar of Xom.
  7274 | D:10     | Noticed a seven-headed hydra
  7275 | D:10     | Found the +1 robe of Vines {NoPotionHeal Regen++++}
  7282 | D:10     | Killed a seven-headed hydra
  7318 | D:10     | Found an ancient bone altar of Kikubaaqudgha.
  7334 | D:10     | Found a shimmering blue altar of Sif Muna.
  7672 | D:10     | Found a staircase to the Orcish Mines.
  7682 | Orc:1    | Entered Level 1 of the Orcish Mines
  7693 | Orc:1    | Reached skill level 5 in Maces & Flails
  7695 | Orc:1    | Reached skill level 5 in Throwing
  7799 | Orc:1    | Received a gift from Okawaru
  7840 | Orc:2    | Entered Level 2 of the Orcish Mines
  7903 | Orc:1    | Reached ****** piety under Okawaru
  7914 | Orc:1    | Acquired a +1 broad axe of freezing
  7914 | Orc:1    | Received a gift from Okawaru
  7917 | Orc:1    | Acquired a +2 pair of gloves of hurling
  7917 | Orc:1    | Received a gift from Okawaru
  8085 | Orc:2    | Found Zesidit's Jewellery Shoppe.
  8109 | Orc:2    | Found a staircase to the Elven Halls.
  8207 | Orc:1    | Noticed Erolcha
  8258 | Orc:2    | Noticed a two-headed ogre
  8259 | Orc:2    | Noticed an orc knight
  8276 | Orc:2    | Killed an orc knight
  8280 | Orc:2    | Killed a two-headed ogre
  8281 | Orc:2    | Reached skill level 10 in Invocations
  8309 | Orc:2    | Noticed an orc sorcerer
  8309 | Orc:2    | Noticed an orc high priest
  8309 | Orc:2    | Noticed an orc knight
  8309 | Orc:2    | Noticed an orc sorcerer
  8310 | Orc:2    | Noticed an orc high priest
  8312 | Orc:2    | Noticed an orc knight
  8315 | Orc:2    | Noticed an orc knight
  8316 | Orc:2    | Noticed a sun demon
  8316 | Orc:2    | Killed an orc sorcerer
  8317 | Orc:2    | Killed an orc sorcerer
  8318 | Orc:2    | Reached XP level 12. HP: 86/100 MP: 19/19
  8321 | Orc:2    | Killed an orc high priest
  8321 | Orc:2    | Received a gift from Okawaru
  8325 | Orc:2    | Noticed an orc high priest
  8329 | Orc:2    | Killed an orc high priest
  8348 | Orc:2    | Paralysed by an orc sorcerer for 5 turns
  8372 | Orc:2    | Found Cussion's Jewellery Shop.
  8372 | Orc:2    | Found Zugequy's Antique Armour Shoppe.
  8375 | Orc:2    | Found Acargha's Distillery.
  8375 | Orc:2    | Found Yxtecopa's Armour Shoppe.
  8383 | Orc:2    | Bought the ring "Qijyur" {rElec MP+9 Int-4 Dex+5 SInv} for
                  | 600 gold pieces
  8427 | Orc:2    | Killed an orc high priest
  8627 | Orc:1    | Killed Erolcha
  8857 | Orc:2    | Reached skill level 11 in Invocations
  9111 | Orc:2    | Found a roughly hewn altar of Beogh.
  9711 | D:11     | Received a gift from Okawaru
  9859 | D:11     | Found Ream's Weapon Emporium.
 10069 | D:11     | Found a staircase to the Lair.
 10081 | D:11     | Reached XP level 13. HP: 32/107 MP: 21/21
 10158 | D:11     | Received a gift from Okawaru
 10401 | Lair:1   | Entered Level 1 of the Lair of Beasts
 11019 | Lair:1   | Reached skill level 10 in Maces & Flails
 11326 | Lair:2   | Found a staircase to the Snake Pit.
 11350 | Lair:2   | Received a gift from Okawaru
 11444 | Lair:2   | Reached skill level 12 in Invocations
 12169 | Lair:3   | Received a gift from Okawaru
 12249 | Lair:3   | Reached skill level 10 in Evocations
 12372 | Lair:3   | Found a staircase to the Swamp.
 12468 | Lair:3   | Noticed Nergalle
 12483 | Lair:3   | Killed Nergalle
 12788 | Lair:3   | Reached XP level 14. HP: 115/118 MP: 23/23
 13136 | Lair:4   | Received a gift from Okawaru
 13228 | Lair:4   | Found a dark tunnel.
 13233 | Volcano  | Entered a volcano
 13467 | Volcano  | Found a bloodstained altar of Trog.
 14291 | Lair:4   | Received a gift from Okawaru
 14302 | Lair:4   | Reached skill level 10 in Armour
 14390 | Lair:5   | Entered Level 5 of the Lair of Beasts
 14404 | Lair:5   | Reached skill level 10 in Throwing
 14502 | Lair:5   | Reached skill level 13 in Invocations
 14973 | Lair:5   | Received a gift from Okawaru
 15572 | Lair:5   | Found a staircase to the Slime Pits.
 16178 | D:12     | Noticed Rupert
 16207 | D:12     | Paralysed by Rupert for 5 turns
 16213 | D:12     | Killed Rupert
 16236 | D:12     | Found Inanoq's Magic Scroll Shop.
 16245 | D:12     | Bought a scroll of blinking for 105 gold pieces
 16245 | D:12     | Bought a scroll of enchant armour for 105 gold pieces
 16245 | D:12     | Bought a scroll of enchant weapon for 105 gold pieces
 16285 | D:12     | Noticed Kirke
 16300 | D:12     | Received a gift from Okawaru
 16513 | D:12     | Killed Kirke
 16579 | D:12     | Reached XP level 15. HP: 84/126 MP: 25/25
 17113 | D:12     | Gained mutation: You are weak. (Str -2) [a neqoxec]
 17122 | D:12     | Lost mutation: You are weak. (Str -2) [potion of mutation]
 17122 | D:12     | Gained mutation: Your health recovers twice as slowly from
                  | being drained. [potion of mutation]
 17122 | D:12     | Gained mutation: You are robust. (+10% HP) [potion of
                  | mutation]
 17491 | D:13     | Reached skill level 5 in Dodging
 17555 | D:13     | Found a gate leading to a gauntlet.
 17565 | Gauntlet | Entered a Gauntlet
 17565 | Gauntlet | Found a transporter.
 17565 | Gauntlet | Found a transporter.
 17569 | Gauntlet | Found a transporter.
 17569 | Gauntlet | Found a transporter.
 17578 | Gauntlet | Found a transporter.
 17621 | Gauntlet | Found a transporter.
 17636 | Gauntlet | Found a transporter.
 17650 | Gauntlet | Found a transporter.
 17668 | Gauntlet | Found a transporter.
 17754 | Gauntlet | Found a transporter.
 17764 | Gauntlet | Found a transporter.
 17791 | Gauntlet | Found a transporter.
 17798 | Gauntlet | Found a transporter.
 17828 | Gauntlet | Found a transporter.
 17869 | Gauntlet | Found a transporter.
 17888 | Gauntlet | Found a transporter.
 18082 | Gauntlet | Identified a scroll of acquirement
 18083 | Gauntlet | Acquired a manual of Axes
 18245 | Gauntlet | Reached skill level 10 in Fighting
 18302 | Gauntlet | Identified the +11 shortbow of Burning Imminent Death
                  | {freeze, ^Contam rC+ Int+4}
 18302 | Gauntlet | Identified the +6 acid dragon scales of Absence {rC++
                  | rCorr}
 18324 | Gauntlet | Received a gift from Okawaru
 18338 | Gauntlet | Identified the +0 acid dragon scales "Mawucear" {Rampage
                  | rCorr MP+9 SInv}
 18342 | Gauntlet | Got Sif Muna's Octavo of Shadowy Cold
 18345 | Gauntlet | Got the Directory of the Jaunt
 18346 | Gauntlet | Upgraded the game from 0.32-a0-431-ge345137 to
                  | 0.32-a0-433-g08bcfe7
 19111 | D:13     | Identified the +1 falchion "Pusio" {flame, Int+3 Dex+4}
 19429 | D:14     | Noticed Jorgrun
 19584 | D:14     | Found a runed translucent door.
 20414 | D:14     | Found a gate to the Vaults.
 20424 | D:14     | Received a gift from Okawaru
 20671 | D:14     | Killed Jorgrun
 20881 | D:15     | Entered Level 15 of the Dungeon
 21074 | D:15     | Found a staircase to the Depths.
 21148 | D:15     | Reached skill level 14 in Invocations
 21460 | D:15     | Reached skill level 10 in Shields
 21488 | D:15     | Received a gift from Okawaru
 21829 | D:15     | Noticed Josephine
 21833 | D:15     | Killed Josephine
 22292 | Swamp:1  | Entered Level 1 of the Swamp
 22364 | Swamp:1  | Identified the +9 long sword of the Scorching Sybil {venom,
                  | Str+2 Int+3}
 22690 | Swamp:1  | Constricted to death by a shambling mangrove

Illustrated notes

Levels and vault maps discovered:
D:1:      eino_arrival_druids_welcome, layout_basic
D:2:      minmay_roachtagon, layout_basic,
          shapermc_ecumenical_altar_totnotflames, basic_altar
D:3:      layout_basic, lemuel_round_altar, nicolae_vehumet_altar_sigil,
          uniq_terence, uniq_crazy_yiuf_cottage, uniq_sigmund
D:4:      layout_loops_corners, mainiacjoe_overflow_24_doors,
          lemuel_round_altar, minmay_temple_entry_statues_pillars
D:5:      layout_loops_ring, fedhas_ov_isle_minmay, uniq_edmund
D:6:      layout_rooms, serial_shops, nicolae_shop_overgrown_old_shop,
          enter_ossuary_4, chequers_serial_rivers_micro_e, st_stairs_1,
          chequers_serial_rivers_large_a, minmay_misc_feat_ornament,
          uniq_menkaure
D:7:      layout_basic, marbit_many_paths, enter_bailey_5, serial_bayou_pond_d,
          uniq_prince_ribbit1, uniq_duvessa
D:8:      layout_cave_pods, mainiacjoe_overflow_concentric_impassable,
          nicolae_ru_great_annihilating_truth
D:9:      layout_basic, lemuel_doored_altar, mainiacjoe_overflow_six_doors_small
D:10:     layout_loops_ring, mainiacjoe_overflow_catwalk_spiral,
          xom_shifter_show, orc_0_dummy, grunt_ministairs_2,
          nicolae_lava_and_water, nicolae_benzene_ring,
          hellmonk_guarded_unrand_vines
D:11:     layout_roguey, due_lair_maze_entry_diamond, serial_shops,
          nicolae_shop_scrapyard
D:12:     layout_roguey, serial_shops, shop, special_room [special_room_bee],
          nicolae_neqoxec_dot_bat, uniq_kirke, uniq_rupert
D:13:     layout_grid_maze, gauntlet_entry_generic
D:14:     layout_basic, david_vaults_1, nicolae_twisting_strands,
          mainiacjoe_labyrinth_nostalgia, uniq_jorgrun
D:15:     grunt_enter_depths_giant_problem, layout_basic, minmay_misc_feat_chi,
          uniq_josephine
Temple:   hellmonk_temple_rainy
Lair:1:   layout_regular_city, minmay_stone_trees_small,
          small_statue_intersection, minivault_11, dreamdust_mushroom_princess
Lair:2:   layout_chaotic_city, minmay_snake_entry_six_corridors
Lair:3:   layout_long_grid, minmay_swamp_entry_swarm,
          nicolae_lair_grove_arrangements, lemuel_fruit_tree, uniq_nergalle
Lair:4:   layout_misc_corridors, enter_volcano_4
Lair:5:   gammafunk_lair_ancient_temple, layout_small_grid,
          minmay_slime_entry_oklob_open
Swamp:1:  layout_basic_swamp, ebering_ghost_disaster_area,
          nicolae_swamp_very_dense_foliage
Orc:1:    layout_diamond_mine, uniq_erolcha
Orc:2:    grunt_orc_tribal_feast, layout_caves, serial_shops, shop,
          minmay_orc_temple_b

Skill      XL: |  1  2  3  4  5  6  7  8  9 10 11 12 13 14 15 |
---------------+----------------------------------------------+-----
Axes           | 3 4 5 6 8 9 10 11 13 | 13.0
Dodging        | 1 2 3 4 6 |  6.3
Fighting       | 4 5 6 7 8 9 10 | 10.3
Armour         | 4 5 6 7 8 9 10 | 10.9
Invocations    | 2 3 4 5 7 8 10 11 12 13 14 | 14.2
Shields        | 4 5 6 7 8 10 | 10.4
Evocations     | 1 3 5 6 7 9 10 11 | 11.2
Stealth        | 1 2 3 |  3.3
Throwing       | 3 5 7 9 10 11 | 11.2
Maces & Flails | 1 6 9 11 12 13 | 13.4

Action                     |  1- 3 |  4- 6 |  7- 9 | 10-12 | 13-15 || total
---------------------------+-------+-------+-------+-------+-------++-------
  Melee: War axe           |   141 |    46 |       |       |       ||   187
         Hand axe          |       |    31 |   230 |    85 |       ||   346
         Mace              |       |       |       |   590 |  1829 ||  2419
         Unarmed           |       |       |       |       |     1 ||     1
  Throw: Boomerang         |       |       |       |    19 |       ||    19
         Javelin           |       |       |       |    15 |    32 ||    47
         Dart              |       |       |       |     5 |     3 ||     8
 Invoke: Heroism           |       |       |     2 |     4 |     5 ||    11
         Finesse           |       |       |     1 |       |       ||     1
         Receive Weapon    |       |       |       |     1 |       ||     1
         Receive Armour    |       |       |       |     1 |       ||     1
  Evoke: Wand              |       |       |     1 |    11 |    12 ||    24
         Phial of floods   |       |       |       |     3 |     2 ||     5
         Tin of tremorston |       |       |       |       |     6 ||     6
    Use: Scroll            |     4 |    12 |     7 |     6 |    15 ||    44
         Potion            |       |     1 |       |     9 |     7 ||    17
   Stab: Distracted        |       |       |     5 |     2 |       ||     7
         Invisible         |       |       |       |     6 |     5 ||    11
         Sleeping          |       |       |       |       |     1 ||     1
 Armour: Scale mail        |    25 |       |       |       |       ||    25
         Chain mail        |    82 |    58 |    83 |       |       ||   223
         Plate armour      |       |       |    43 |   484 |   904 ||  1431
         Skin              |       |       |    10 |       |     8 ||    18
         Acid dragon scale |       |       |       |       |   255 ||   255
  Dodge: Dodged            |    68 |    23 |    69 |   337 |   818 ||  1315
  Block: Buckler           |    40 |    16 |    64 |   185 |   638 ||   943
         Reflection        |       |       |       |       |    34 ||    34
         Other             |       |       |       |       |     3 ||     3
         Kite shield       |       |       |       |       |   419 ||   419

Table legend: (Time is in decaauts)
 A = Elapsed time spent in this place.
 B = Non-inter-level travel time spent in this place.
 C = Inter-level travel time spent in this place.
 D = Time resting spent in this place.
 E = Time spent auto-exploring this place.
 F = Levels seen in this place.
 G = Mean time per level.
                   A        B        C        D        E       F      G
               +--------+--------+--------+--------+--------+-----+--------+
         Total |  22268 |  22040 |    228 |   1778 |   5110 |  28 |  795.3 |
       Dungeon |  13462 |  13383 |     79 |    466 |   4409 |  15 |  897.5 |
        Temple |      1 |      1 |      0 |      0 |      0 |   1 |    1.0 |
          Lair |   5246 |   5099 |    147 |    658 |    656 |   5 | 1049.2 |
         Swamp |    404 |    404 |      0 |    233 |     44 |   1 |  404.0 |
  Orcish Mines |   1464 |   1464 |      0 |     77 |      0 |   2 |  732.0 |
       Ossuary |    126 |    126 |      0 |      0 |      0 |   1 |  126.0 |
        Bailey |    340 |    340 |      0 |    144 |      0 |   1 |  340.0 |
       Volcano |    351 |    351 |      0 |      0 |      0 |   1 |  351.0 |
      Gauntlet |    869 |    869 |      0 |    200 |      0 |   1 |  869.0 |
               +--------+--------+--------+--------+--------+-----+--------+

Top non-repeatable levels by time:
    D:14: 1669 daAuts
  Lair:5: 1622 daAuts
    D:12: 1139 daAuts
    D:15: 1083 daAuts
    D:13: 1046 daAuts
     D:7: 957 daAuts
  Lair:3: 950 daAuts
   Orc:2: 930 daAuts
    D:10: 913 daAuts
  Lair:4: 905 daAuts
  Lair:1: 905 daAuts
     D:4: 899 daAuts
Gauntlet: 869 daAuts
  Lair:2: 862 daAuts
    D:11: 842 daAuts
